 Dungeon Crawl Stone Soup version 0.27-a0-1090-gb115f176c6 (webtiles) character file.

Game seed: 10613051306133131121

688 chaostorm the Firebug (level 7, 0/36 HPs)
             Began as a Tengu Fire Elementalist on Apr 27, 2021.
             Slain by a water moccasin (10 damage)
             ... on level 3 of the Dungeon.
             The game lasted 00:33:01 (5318 turns).

chaostorm the Firebug (Tengu Fire Elementalist)     Turns: 5318, Time: 00:33:01

Health: 0/36       AC:  5    Str:  8    XL:     7   Next: 63%
Magic:  10/14      EV: 15    Int: 17    God:
Gold:   219        SH:  0    Dex: 15    Spells: 9/14 levels left

rFire    . . .     SeeInvis .   b - +5 club
rCold    . . .     Faith    .   (no shield)
rNeg     . . .     Spirit   .   r - +2 robe
rPois    +         Reflect  .   (helmet restricted)
rElec    .         Harm     .   (no cloak)
rCorr    .         Rampage  .   w - +0 pair of gloves
Will     .....                  (boots unavailable)
Stlth    ++........             d - amulet of regeneration
HPRegen  1.12/turn              l - ring of poison resistance
MPRegen  0.14/turn              (no ring)

@: lethally poisoned (0 -> -2), flying quickly and evasively, quick
A: beak, talons 3, nimble flight
a: no special abilities


You were on level 3 of the Dungeon.
You visited 1 branch of the dungeon, and saw 5 of its levels.

You collected 219 gold pieces.

Inventory:

Hand Weapons
 a - a +2 dagger of venom
 b - a +5 club (weapon)
Armour
 r - a +2 robe (worn)
 w - a +0 pair of gloves (worn)
Jewellery
 d - an amulet of regeneration (around neck)
 k - a +6 ring of strength
 l - a ring of poison resistance (left hand)
Wands
 e - a wand of acid (8)
 j - a wand of polymorph (4)
Scrolls
 f - a scroll of fog
 p - a scroll of holy word {unknown}
 q - 4 scrolls of teleportation
 s - a scroll of blinking {unknown}
 u - a scroll of amnesia
 v - 2 scrolls of magic mapping
Potions
 c - a potion of haste
 g - a potion of heal wounds {unknown}
 h - 4 potions of curing
 i - a potion of experience {unknown}
 m - a potion of flight {unknown}
 n - a potion of ambrosia {unknown}
 t - a potion of resistance {unknown}


   Skills:
 - Level 2.4 Dodging
 - Level 2.2 Stealth
 + Level 4.3 Spellcasting
 + Level 5.6 Conjurations
 + Level 2.5 Necromancy
 + Level 5.8 Fire Magic


You had 9 spell levels left.
You knew the following spells:

 Your Spells              Type           Power      Damage    Failure   Level
a - Foxfire               Conj/Fire      92%        2x1d8     1%          1
b - Conjure Flame         Conj/Fire      23%        6-21      4%          3
c - Animate Skeleton      Necr           24%        N/A       5%          1

Your spell library contained the following spells:

 Spells                   Type           Power      Damage    Failure   Level
 Pain                     Necr           48%        1d6       5%          1
 Inner Flame              Hex/Fire       13%        N/A       14%         3
 Sticky Flame             Conj/Fire      23%        2d4       14%         4
 Summon Small Mammal      Summ           12%        N/A       16%         1
 Vampiric Draining        Necr           6%         2d6       16%         3
 Call Imp                 Summ           3%         N/A       24%         2
 Fireball                 Conj/Fire      11%        3d7       38%         5
 Call Canine Familiar     Summ           3%         N/A       43%         3
 Summon Guardian Golem    Hex/Summ       3%         N/A       43%         3
 Animate Dead             Necr           6%         N/A       47%         4
 Summon Ice Beast         Ice/Summ       3%         N/A       83%         4
 Summon Lightning Spire   Summ/Air       3%         N/A       83%         4
 Agony                    Necr           12%        N/A       83%         5


Dungeon Overview and Level Annotations

Branches:
Dungeon (5/15)
 Temple: D:4-7

Altars:
Gozag
Hepliaklqana
Yredelemnul


Innate Abilities, Weirdness & Mutations

You have a beak for a mouth.
You have claws for feet.
Your magical nature lets you fly swiftly and evasively.


Message History

The water moccasin completely misses you.
Your foxfire dissipates!
The foxfire hits the water moccasin.
The water moccasin is moderately wounded.
There is an escape hatch in the ceiling here.
The water moccasin bites you but does no damage.
The water moccasin misses you. A mysterious force pulls you upwards.
The hatch slams shut behind you.
Casting: Foxfire (safe; 1% risk of failure)
Confirm with . or Enter, or press ? or * to list all spells.
You conjure some foxfire!
The water moccasin completely misses you.
You hit the water moccasin but do no damage.
Your kick misses the water moccasin.
The water moccasin is moderately wounded.
The foxfire hits the water moccasin.
The water moccasin is heavily wounded.
The foxfire hits the water moccasin but does no damage.
The water moccasin is heavily wounded.
The water moccasin bites you!
You are poisoned.
The water moccasin poisons you! The water moccasin misses you.
Casting: Foxfire (safe; 1% risk of failure)
Confirm with . or Enter, or press ? or * to list all spells.
You conjure some foxfire!
You feel very sick.
The water moccasin bites you but does no damage.
You miss the water moccasin.
The water moccasin is heavily wounded.
You feel very sick.
The foxfire hits the water moccasin.
The water moccasin is severely wounded.
The foxfire hits the water moccasin but does no damage.
The water moccasin is severely wounded.
The water moccasin barely misses you. The water moccasin closely misses you.
Casting: Foxfire (safe; 1% risk of failure)
Confirm with . or Enter, or press ? or * to list all spells.
You conjure some foxfire!
You feel sick. The water moccasin misses you. The water moccasin bites you!
You die...

#.#.#.# #.#.#####.# #.##.####...
#.....# #.#.......# ##...........
#.....###.#>.###### #.......#....
...(....#.#..# #.......#....
.....##.#.#..###### #.......#....
#....##.#.#..#....# #####...#....
#.#.###.#.#..#.##.#########.#.##.
#.#.# #.#.#..#.#vS..........#.##.
#.#.# #.#......#@v##........#.##.
#.#.###.#.##########...>.........
#.#.....#...(...............#.##.
#..(..†.#.#########.........#....
###.....#.#.......#.........####.
..#.#####.#######.#..............
#.#.......# #.#.....[.#.#####
#.....##### #.#.......#.#
.##....##########.#.......#.#


You could see a water moccasin (ally target).

Vanquished Creatures
  Sigmund (D:2)
  An ogre (D:4)
  A scorpion (D:4)
  A gnoll shaman (D:4)
  2 hounds (D:4)
  Terence (D:2)
  Jessica (D:2)
  An iguana (D:4)
  Robin (D:2)
  5 adders
  4 gnolls (D:4)
  A white imp (D:2)
  An ufetubus (D:4)
  2 worms
  A dart slug (D:2)
  16 orcs
  4 ball pythons
  4 endoplasms
  A giant cockroach (D:4)
  11 goblins
  15 hobgoblins
  4 jackals (D:3)
  4 quokkas
  7 bats
  4 frilled lizards
  6 kobolds
  7 rats
107 creatures vanquished.

Vanquished Creatures (collateral kills)
  A foxfire (D:1)
1 creature vanquished.

Vanquished Creatures (others)
  339 foxfires
  2 plants (D:1)
341 creatures vanquished.

Grand Total: 449 creatures vanquished

Notes
Turn   | Place    | Note
-------+----------+-------------------------------------------
     0 | D:1      | chaostorm the Tengu Fire Elementalist began the quest for
                  | the Orb.
     0 | D:1      | Reached XP level 1. HP: 10/10 MP: 4/4
   245 | D:1      | Reached XP level 2. HP: 15/15 MP: 0/6
  1212 | D:2      | Noticed Terence
  1279 | D:2      | Reached XP level 3. HP: 3/19 MP: 2/7
  1396 | D:2      | Killed Terence
  1397 | D:2      | Reached XP level 4. HP: 24/24 MP: 0/8
  1757 | D:2      | Noticed Sigmund
  1786 | D:2      | Killed Sigmund
  1787 | D:2      | Gained mutation: Your magical nature lets you fly swiftly
                  | and evasively. [Tengu growth]
  1787 | D:2      | Reached XP level 5. HP: 28/28 MP: 3/11
  1787 | D:2      | Reached XP level 6. HP: 32/32 MP: 3/12
  1857 | D:1      | Learned a level 3 spell: Conjure Flame
  1915 | D:2      | Noticed Robin
  1963 | D:2      | Killed Robin
  2167 | D:2      | Reached skill level 5 in Fire Magic
  2222 | D:2      | Learned a level 1 spell: Animate Skeleton
  2398 | D:2      | Noticed Jessica
  2435 | D:2      | Killed Jessica
  2956 | D:3      | Found an opulent altar of Gozag.
  3419 | D:3      | Reached skill level 1 in Necromancy
  4222 | D:4      | Reached skill level 5 in Conjurations
  4222 | D:4      | Reached XP level 7. HP: 36/36 MP: 9/14
  4814 | D:4      | Found a hazy altar of Hepliaklqana.
  4913 | D:4      | Found a basalt altar of Yredelemnul.
  5265 | D:5      | Entered Level 5 of the Dungeon
  5318 | D:3      | Slain by a water moccasin

Illustrated notes

Levels and vault maps discovered:
D:1:      amcnicky_arrival_double_pillar, layout_basic, serial_forest,
          infiniplex_forest_join, infiniplex_forest_straight_3,
          infiniplex_forest_clump_C, infiniplex_forest_clump_medium,
          infiniplex_forest_end_3, infiniplex_forest_end_1,
          infiniplex_forest_split
D:2:      layout_rooms, kennysheep_jessica_study, uniq_sigmund, uniq_robin,
          uniq_terence
D:3:      layout_basic, nicolae_gozag_cash_rules_everything_around_me
D:4:      layout_basic, nicolae_hepliaklqana_hippocampus,
          yredelemnul_altar_generic, serial_rivers,
          chequers_serial_rivers_micro_d, chequers_serial_rivers_micro_b,
          chequers_serial_rivers_micro_e, chequers_serial_rivers_micro_b,
          chequers_serial_rivers_room_b
D:5:      layout_rooms, nicolae_qazlal_eye_of_the_storm, uniq_eustachio,
          uniq_blork_the_orc

Skill      XL: |  1  2  3  4  5  6  7 |
---------------+----------------------+-----
Conjurations   | 2 4 5 |  5.6
Fire Magic     | 4 5 |  5.8
Spellcasting   | 3 4 |  4.3
Necromancy     | 1 2 |  2.5
Dodging        | |  2.4
Stealth        | |  2.2

Action                   |  1- 3 |  4- 6 |  7- 9 || total
-------------------------+-------+-------+-------++-------
Melee: Unarmed           |     2 |       |       ||     2
       Club              |       |     4 |     8 ||    12
       Peck              |       |       |     1 ||     1
 Cast: Foxfire           |    47 |   106 |    57 ||   210
       Animate Skeleton  |       |     2 |     1 ||     3
  Use: Scroll            |       |     6 |       ||     6
Armor: Robe              |     3 |     4 |     9 ||    16
Dodge: Dodged            |     6 |    30 |    59 ||    95

Table legend: (Time is in decaauts)
 A = Elapsed time spent in this place.
 B = Non-inter-level travel time spent in this place.
 C = Inter-level travel time spent in this place.
 D = Time resting spent in this place.
 E = Time spent auto-exploring this place.
 F = Levels seen in this place.
 G = Mean time per level.
                   A        B        C        D        E       F      G
               +--------+--------+--------+--------+--------+-----+--------+
         Total |   5044 |   4957 |     87 |    484 |   1962 |   5 | 1008.8 |
       Dungeon |   5044 |   4957 |     87 |    484 |   1962 |   5 | 1008.8 |
               +--------+--------+--------+--------+--------+-----+--------+

Top non-repeatable levels by time:
     D:4: 1396 daAuts
     D:1: 1291 daAuts
     D:2: 1177 daAuts
     D:3: 1149 daAuts
     D:5: 29 daAuts
